 Dungeon Crawl Stone Soup version 0.14-a0-2340-g8df0fbc (webtiles) character file.

1356 M4edhros the Slinger (level 8, -7/48 HPs)
             Began as an Octopode Hunter on Jan 30, 2014.
             Was a Follower of Okawaru.
             Killed by divine providence
             ... invoked by an orc priest
              (15 damage)
             ... on Level 5 of the Dungeon.
             The game lasted 00:19:46 (5357 turns).

M4edhros the Slinger (Octopode Hunter)              Turns: 5357, Time: 00:19:47

HP  -7/48        AC  1     Str 15      XL: 8   Next: 53%
MP   8/8         EV 13     Int 17      God: Okawaru [*.....]
Gold 82          SH 25     Dex 19      Spells:  0 memorised,  7 levels left

rFire  . . .     SeeInvis +     b - +2,+1 sling
rCold  + + .     Clarity  .     m - +1 dwarf large shield (curse)
rNeg   . . .     Conserve .     (helmet restricted)
rPois  .         rCorr    .     a - amulet of rage
rElec  .         rRot     .     q - ring of protection from cold
SustAb . .       Spirit   .     x - cursed ring of protection from cold
rMut   .         Warding  .     D - ring "Gheigugg" {Str+4 Int+3 SInv}
Saprov . . .     Stasis   .     (no ring)
MR     .....                    (no ring)
                                (no ring)
                                (no ring)
                                (no ring)

@: agile, not resistant to hostile enchantments, very stealthy
A: almost no armour, amphibious, 8 rings, constrict 8, camouflage 1, gelatinous
body 1
a: Heroism, Renounce Religion, Evoke Berserk Rage


You were on level 5 of the Dungeon.
You worshipped Okawaru.
Okawaru was aware of your devotion.
You were not hungry.

You visited 1 branch of the dungeon, and saw 6 of its levels.

You collected 276 gold pieces.
You spent 194 gold pieces at shops.

Inventory:

Hand weapons
 b - a +2,+1 sling (weapon)
 i - a +3,+2 elven falchion
Missiles
 g - 81 stones (quivered)
Armour
 m - a cursed +1 dwarven large shield (worn)
Magical devices
 o - a wand of lightning (0)
 s - a wand of frost (5)
 y - a wand of invisibility (1)
Comestibles
 d - 2 apples
 f - 8 bread rations
 n - a pear
 w - 10 grapes
Scrolls
 e - a scroll of amnesia
 j - 2 scrolls of teleportation
 k - 3 scrolls of remove curse
 p - a scroll of fear
 B - a scroll of recharging
Jewellery
 a - an amulet of rage (around mantle)
 q - a ring of protection from cold (left tentacle)
 r - an uncursed ring of ice
 x - a cursed ring of protection from cold (right tentacle)
 D - the ring "Gheigugg" (on tentacle) {Str+4 Int+3 SInv}
   (You found it on level 4 of the Dungeon)

   [ring of see invisible]

   It affects your strength (+4).
   It affects your intelligence (+3).
Potions
 l - a potion of paralysis {unknown}
 C - a potion of agility
 E - a potion of speed


   Skills:
 - Level 1.0 Fighting
 + Level 10.7 Slings
 - Level 2.0 Dodging
 - Level 1.3 Stealth


You had 7 spell levels left.
You didn't know any spells.

Dungeon Overview and Level Annotations

Branches:
Dungeon (6/16)             Temple (0/1) D:5

Altars:
Okawaru
Yredelemnul
The Shining One

Shops:
D:5 !

Annotations:
D:4 Zuul's ghost, average DsSk


Innate Abilities, Weirdness & Mutations

You cannot wear most types of armour.
You are amphibious.
You can wear up to eight rings at the same time.
You can use your tentacles to constrict many enemies at once.
Your skin changes colour to match your surroundings (Stlth).
Your rubbery body absorbs attacks (AC +1).


Message History

Press: ? - help, Shift-Dir - straight line, f - you
Okay, then.
Firing (i - inventory. (,) - cycle):
c - 2 sling bullets (quivered)
Press: ? - help, Shift-Dir - straight line, f - orc priest
Aim: an orc priest, wielding a spear and wearing a shiny scale mail You shoot a sling bullet.
The sling bullet hits the orc priest.
The orc priest is heavily wounded.
Firing (i - inventory. (,) - cycle):
c - a sling bullet (quivered)
Press: ? - help, Shift-Dir - straight line, f/p - orc priest
Aim: an orc priest, wielding a spear and wearing a shiny scale mail (heavily wounded)
You shoot a sling bullet. The sling bullet hits the orc priest.
The orc priest is heavily wounded.
Firing (i - inventory):
g - 82 stones (quivered)
Press: ? - help, Shift-Dir - straight line, f/p - orc priest
Aim: an orc priest, wielding a spear and wearing a shiny scale mail (heavily wounded)
You shoot a stone. The stone hits the orc priest.
The orc priest is heavily wounded.
The orc priest calls down the wrath of Beogh upon you.
Something smites you!
You die...

....# #...<.....(# ≈≈..#
#.........(# ≈≈≈.# #...o..g...#
≈≈≈.### #.(........# ≈≈≈...#
#..(.......#
≈≈≈.#.###############.(..(.....#
≈≈.................((..........#
..................))...........#
................@)(((.(........#
.....)..............(..........#
.....>)........................#
......................o(.......#
...............................#
...............................#
...............................#
...............................#
################################


You could see an orc priest.

Vanquished Creatures
  An ice beast (D:4)
  A phantom (D:4)
  An ogre (D:4)
  An orc warrior (D:5)
  A gnoll sergeant (D:5)
  A giant goldfish zombie (D:2)
  A crimson imp (D:5)
  A jelly (D:5)
  3 orc priests
  4 hounds
  5 orc wizards
  3 worker ants
  A killer bee zombie (D:5)
  A hound skeleton (D:5)
  6 adders
  A big fish zombie (D:2)
  9 gnolls
  A worm (D:4)
  A giant gecko (D:2)
  28 orcs
  2 ball pythons (D:2)
  4 giant cockroaches
  7 hobgoblins
  6 jackals
  9 kobolds
  3 quokkas
  17 bats
  2 giant newts
  13 goblins
  A hobgoblin zombie (D:5)
  10 rats
145 creatures vanquished.

Notes
Turn   | Place    | Note
--------------------------------------------------------------
     0 | D:1      | M4edhros, the Octopode Hunter, began the quest for the Orb.
     0 | D:1      | Reached XP level 1. HP: 13/13 MP: 1/1
   245 | D:1      | Reached XP level 2. HP: 18/18 MP: 2/2
   503 | D:3      | Reached XP level 3. HP: 17/23 MP: 3/3
   676 | D:4      | Reached skill level 5 in Slings
   844 | D:4      | Found a glowing golden altar of the Shining One.
   915 | D:4      | Reached XP level 4. HP: 9/28 MP: 4/4
  1419 | D:4      | Reached skill level 6 in Slings
  1431 | D:4      | Noticed an ice beast
  1433 | D:4      | Reached XP level 5. HP: 33/33 MP: 5/5
  1466 | D:4      | Killed an ice beast
  1466 | D:4      | Reached skill level 7 in Slings
  1466 | D:4      | Reached XP level 6. HP: 17/38 MP: 6/6
  1612 | D:4      | Found an iron altar of Okawaru.
  1627 | D:4      | Became a worshipper of Warmaster Okawaru
  1634 | D:4      | Noticed a phantom
  1649 | D:4      | Killed a phantom
  1723 | D:4      | Reached skill level 8 in Slings
  1898 | D:3      | Reached XP level 7. HP: 18/43 MP: 7/7
  3419 | D:2      | Acquired Okawaru's first power
  3419 | D:2      | Reached skill level 9 in Slings
  3423 | D:2      | Found a basalt altar of Yredelemnul.
  4091 | D:4      | Noticed an ogre
  4107 | D:4      | Killed an ogre
  4213 | D:4      | Got a faintly glowing wooden ring
  4234 | D:4      | Noticed Zuul's ghost (average DsSk)
  4244 | D:4      | Identified the ring "Gheigugg" {Str+4 Int+3 SInv} (You found it on level 4 of the Dungeon)
  4275 | D:5      | Entered Level 5 of the Dungeon
  4295 | D:5      | Reached XP level 8. HP: 8/48 MP: 5/8
  4598 | D:5      | Found a staircase to the Ecumenical Temple.
  4670 | D:5      | Reached skill level 10 in Slings
  4713 | D:5      | Found Coduolah's Distillery.
  4722 | D:5      | Bought 2 potions of curing for 52 gold pieces
  4722 | D:5      | Bought a potion of agility for 32 gold pieces
  4722 | D:5      | Bought a potion of speed for 71 gold pieces
  4722 | D:5      | Bought a potion of heal wounds for 39 gold pieces
  5357 | D:5      | Killed from afar by an orc priest

Action                   |  1- 3 |  4- 6 |  7- 9 || total
-------------------------+-------+-------+-------++-------
Melee: Falchion          |    20 |    12 |    14 ||    46
 Fire: Sling             |    40 |    68 |   257 ||   365
Invok: Heroism           |       |       |     1 ||     1
Evoke: Wand              |       |     3 |     3 ||     6
  Use: Potion            |       |     3 |     9 ||    12
       Scroll            |       |     2 |     7 ||     9
 Stab: Sleeping          |     3 |       |       ||     3
